[Event "Susha Chess Rapid Women 2022"]
[Site "Shusha"]
[Date "2022.09.23"]
[Round "6.4"]
[White "Fataliyeva, Ulviyya"]
[Black "Arabidze, Meri"]
[Result "0-1"]
[ECO "A04"]
[WhiteElo "2408"]
[BlackElo "2422"]
[Annotator "TA"]
[PlyCount "92"]
[EventDate "2022.09.21"]
[EventType "tourn"]
[EventCountry "AZE"]
[SourceTitle "playchess.com"]
[Source "ChessBase"]
[SourceQuality "1"]
[TimeControl "900+10"]

1. Nf3 c5 2. c4 Nc6 3. Nc3 g6 4. e3 Nf6 5. d4 cxd4 6. exd4 d5 7. cxd5 Nxd5 8. Qb3 Nxc3 9. Bc4 e6 10. bxc3 Bg7 11. Ba3 Bf8 12. Bxf8 Kxf8 13. O-O {[%emt 0:00:02] A35: Symmetrical English: 2 Nc3 Nc6 3 Nf3.} (13. h4 $14) 13... Kg7 14. Qb2 b6 {[%emt 0:01:23] [#]} 15. Rad1 $146 {[%emt 0:00:07] The position is equal.} ({Predecessor:} 15. Rae1 Bb7 16. Re3 Rc8 17. Bb3 Qf6 18. Rfe1 Rhf8 19. Qe2 Rc7 20. Rd1 Na5 21. Ne5 {½-½ (35) Ftacnik,L (2513)-Thorhallsson,S (2199) Reykjavik 2021}) 15... Qf6 16. Nd2 Na5 17. Bd3 Bb7 18. f3 Rhd8 19. Ne4 Qf4 20. g3 Qe3+ 21. Kg2 Rac8 22. Rfe1 Qh6 23. c4 Bxe4 (23... Nxc4 $2 24. Bxc4 Rxc4 25. d5+ e5 26. Qxe5+ Kg8 27. Nf6+ Kh8 28. Nh5+ Kg8 29. Nf6+ Kh8 30. d6 $18) 24. fxe4 Kg8 25. d5 Qg7 $1 26. Qf2 e5 (26... Nxc4 27. Bxc4 Rxc4 28. dxe6 $11) 27. Rc1 Nb7 {[%emt 0:00:08] Prevents c5.} 28. Bc2 (28. Rf1 $11 {keeps the balance.}) 28... Rxc4 $17 {[%emt 0:00:17] White is now going downhill.} 29. Bb3 Rxc1 30. Rxc1 Nc5 {[%emt 0:00:02] [#] aiming for ...Nd3.} 31. Bc2 {[%emt 0:00:36] Inhibits Nd3.} Rc8 {[%emt 0:01:20][%cal Oc5d3] And now ...Nd3! would win.} 32. Rf1 Nb7 33. Ba4 (33. Bd3 $17) 33... Nd6 34. Bc6 (34. Bc2 $17) 34... Nxe4 $19 35. Qe3 f5 36. Qa3 Rd8 37. g4 Kh8 38. Qh3 Nd6 39. Kh1 f4 40. g5 Nf5 41. Rc1 Qe7 42. Qc3 Nd4 43. Re1 {[%emt 0:00:02] Inhibits Ne2.} Qxg5 {[%emt 0:00:12] [#] Strongly threatening ...f3.} 44. Re4 f3 {[%emt 0:00:15][%csl Gf3][%cal Rg5g2] Black mates.} 45. Qb2 Qf5 46. Rxd4 f2 {[%emt 0:00:11] Weighted Error Value: White=0.47/Black=0.07 (flawless)} 0-1

[Event "Susha Chess Rapid Women 2022"]
[Site "Shusha"]
[Date "2022.09.23"]
[Round "6.5"]
[White "Balajayeva, Khanim"]
[Black "Mammadova, Gulnar"]
[Result "1/2-1/2"]
[ECO "C01"]
[WhiteElo "2379"]
[BlackElo "2382"]
[Annotator "TA"]
[PlyCount "55"]
[EventDate "2022.09.21"]
[EventType "tourn"]
[EventCountry "AZE"]
[SourceTitle "playchess.com"]
[Source "ChessBase"]
[SourceQuality "1"]
[TimeControl "900+10"]

1. e4 e6 2. d4 d5 3. exd5 exd5 4. Nf3 Nf6 5. Bd3 Bd6 6. O-O O-O 7. c3 c6 8. Bg5 Bg4 9. Nbd2 Nbd7 10. Qc2 Qc7 11. h3 Bh5 12. Rfe1 Rfe8 13. Rxe8+ Rxe8 {[%emt 0:00:04] The position is equal.} 14. Re1 {[%emt 0:00:08] C01: French: Exchange Variation.} Rxe1+ 15. Nxe1 Bg6 16. Bxg6 hxg6 17. Nef3 Bf4 18. Bxf4 {[%emt 0:00:19] [#] Not much happened in this game.  Weighted Error Value: White=0.00 (flawless) /Black=0.03 (flawless)} {Predecessor:} Qxf4 $146 19. Qa4 a6 20. Qb4 Ne4 21. Qxb7 Nxd2 22. Nxd2 Qxd2 23. Qxd7 Qc1+ 24. Kh2 Qf4+ 25. Kh1 Qc1+ 26. Kh2 Qf4+ 27. Kg1 Qc1+ 28. Kh2 {½-½ (30) Bordi,K (2288)-Song,M (2424) Chess.com INT 2022} 1/2-1/2

[Event "Susha Chess Rapid Women 2022"]
[Site "Shusha"]
[Date "2022.09.23"]
[Round "7.1"]
[White "Mammadzada, Gunay"]
[Black "Efroimski, Marsel"]
[Result "1/2-1/2"]
[ECO "B30"]
[WhiteElo "2473"]
[BlackElo "2462"]
[Annotator "TA"]
[PlyCount "97"]
[EventDate "2022.09.21"]
[EventType "tourn"]
[EventCountry "AZE"]
[SourceTitle "playchess.com"]
[Source "ChessBase"]
[SourceQuality "1"]
[TimeControl "900+10"]

1. e4 c5 2. Nf3 Nc6 3. Bb5 e5 4. c3 Bd6 {[%emt 0:00:34] [#]} 5. a4 $146 ({Predecessor:} 5. O-O Nge7 6. d4 cxd4 7. cxd4 exd4 8. Nxd4 O-O 9. Nc3 a6 10. Be2 Be5 11. Nf3 Bxc3 12. bxc3 {½-½ (43) Czakon,J (2475)-Piorun,K (2586) Poland 2015}) 5... a6 (5... Nf6 {looks sharper.} 6. d4 cxd4 7. cxd4 Nxd4 8. Nxd4 exd4 9. Qxd4 Qc7) 6. Be2 {[%emt 0:00:44] B22: Sicilian: 2 c3.} Nf6 7. d3 Be7 8. Nbd2 d5 9. exd5 Nxd5 10. Nc4 Qc7 11. O-O O-O 12. Re1 Bf5 13. Bf1 Bf6 (13... f6 $142) 14. Ng5 b5 15. axb5 axb5 16. Rxa8 Rxa8 17. Qf3 Nde7 ({But not} 17... bxc4 18. Qxf5 g6 19. Qf3 $16) 18. Ne3 Bxg5 19. Nxf5 Nxf5 (19... Ra1 $14 20. Nxe7+ Nxe7) 20. Bxg5 $16 g6 21. g4 $36 {[%emt 0:00:25][%mdl 2048] White is on the roll.} Ng7 22. Bg2 Rc8 23. Bf6 {[%emt 0:03:24] This bishop pair is nice.} Qd6 24. g5 Nh5 25. Qd5 Qxd5 26. Bxd5 Nxf6 27. gxf6 {[%emt 0:00:02][%cal Of2f4][%mdl 4096] Endgame KRB-KRN} Nb8 28. Rxe5 {[%emt 0:00:30] [#] Hoping for Re7. White has more active pieces.} Nd7 29. Re7 Nxf6 30. Bxf7+ Kf8 {[%emt 0:00:03] [#]} 31. Rb7 Rd8 32. Bb3 Nh5 33. Bc2 Ra8 34. Rxh7 (34. Kg2 $16) 34... Ra2 35. Rf7+ Ke8 $11 {[%emt 0:00:16] And now ...Ra1+ would win.} 36. Bb3 Rxb2 37. Bd5 b4 38. cxb4 cxb4 (38... Rb1+ $11 39. Kg2 Rxb4) 39. Kg2 (39. h4 $14) 39... g5 {[%emt 0:00:04] aiming for ...Nf4+.} 40. Rf5 {[%emt 0:00:39] Bf7+ is the strong threat.} Nf4+ 41. Kg3 Nxd3 42. Bc4 Nc1 43. Rxg5 Rc2 44. Bb5+ Ke7 45. Ba4 Ra2 46. Bd1 Rd2 47. Ba4 Ra2 (47... b3 {deserves consideration.} 48. Bxb3 (48. Rb5 b2 $17) 48... Nxb3) 48. Bd1 Rd2 49. Ba4 {[%emt 0:00:04] Weighted Error Value: White=0.15 (very precise) /Black=0.17 (very precise)} (49. Bf3 {is more appropriate.}) 1/2-1/2

[Event "Susha Chess Rapid Women 2022"]
[Site "Shusha"]
[Date "2022.09.23"]
[Round "7.2"]
[White "Ozturk Orenli, Kubra"]
[Black "Beydullayeva, Govhar"]
[Result "1-0"]
[ECO "A40"]
[WhiteElo "2319"]
[BlackElo "2346"]
[Annotator "TA"]
[PlyCount "87"]
[EventDate "2022.09.21"]
[EventType "tourn"]
[EventCountry "AZE"]
[SourceTitle "playchess.com"]
[Source "ChessBase"]
[SourceQuality "1"]
[TimeControl "900+10"]

1. d4 Nf6 2. c4 e6 3. g3 d5 4. Nf3 Bb4+ 5. Bd2 Be7 6. Bg2 c6 7. O-O O-O 8. Qc2 Nbd7 9. b3 b6 10. Bc3 Bb7 11. Nbd2 c5 {[%emt 0:00:01] [#]} 12. cxd5 $146 {[%emt 0:00:16] E11: Bogo-Indian.} ({Predecessor:} 12. dxc5 Bxc5 13. Qb2 Rc8 14. cxd5 Bxd5 15. b4 Be7 16. Rac1 Rc7 17. Bd4 Qb8 18. Rxc7 Qxc7 19. Rc1 Qb7 {½-½ (50) Papaioannou,I (2634)-Kelires,A (2528) Thessaloniki 2022}) 12... exd5 (12... Nxd5 $15 13. Bb2 Rc8) 13. e3 Rc8 14. Qb2 {[%emt 0:00:21] The position is equal.} Re8 15. Rfd1 Nf8 16. Nh4 Qd7 17. e4 (17. Nhf3 $11 {keeps the balance.}) 17... cxd4 (17... Nxe4 $17 18. Nxe4 dxe4 19. dxc5 Qg4) 18. Bxd4 $15 dxe4 {[%emt 0:00:04] Threatens to win with ...Qe6.} 19. Nc4 Qe6 20. Ne3 $1 {[%emt 0:00:15] aiming for Nhf5.} g6 {[%emt 0:00:36] Against Nhf5. With the idea ...Nd5.} 21. a4 (21. Bf1 $1 $11) 21... N8d7 22. b4 {[%emt 0:00:26] [#] Against Nc5} ({White should try} 22. Bf1) 22... Nd5 $1 $17 23. Nxd5 Bxd5 24. a5 $2 (24. Bf1 $17 {was worth a try.}) 24... bxa5 (24... g5 $19 25. Qe2 gxh4 26. axb6 axb6) 25. Rxa5 Qg4 $2 (25... Red8 $17 {Strongly threatening ...g5.} 26. Qa1 Bc4 27. Rxa7 Bxb4) 26. Re1 $1 $132 {[%emt 0:00:50][%mdl 2048] White puts up resistance} Ba8 27. h3 Qe6 28. Bxa7 (28. Rxa7 $11 Bd5 29. Bf1 (29. Bh8 $2 f6 $19)) 28... Bxh4 (28... Rc4 $17 29. Rd1 Bxb4) 29. gxh4 $15 Ne5 30. Qe2 Nd3 (30... Qe7 $17 31. Rb1 Qxh4) 31. Rb1 Nf4 32. Qe3 Nxg2 33. Kxg2 Rcd8 {[%emt 0:00:33] ...Rd3 is the strong threat.} 34. Bd4 $1 {[%emt 0:00:18] [#]} f5 ({Better is} 34... Rxd4 $1 $15 35. Qxd4 e3+ 36. Kh2 (36. Rxa8 Qc6+ 37. Kg1 exf2+ 38. Qxf2 Qxa8 $15) 36... Qc6) 35. Ra7 $11 {[%emt 0:00:11] Black must now prevent Rg7+.} Rxd4 $4 36. Qxd4 $18 e3+ 37. f3 Bxf3+ 38. Kxf3 {[%emt 0:00:23][%csl Ga7][%cal Rd4g7] White mates.} Qc6+ 39. Kg3 f4+ 40. Qxf4 ({Not} 40. Kxf4 Rf8+ 41. Kxe3 Qf3+ 42. Kd2 Qg2+ 43. Kc3 Rc8+ 44. Kb3 Qc2+ 45. Ka3 Rc3+ 46. Qxc3 Qxc3+ 47. Ka2 Qc4+ 48. Rb3 Qc2+ 49. Ka3 Qc1+ 50. Ka4 Qc6+ 51. Ka5 Qd5+ 52. Ka4 Qc6+ 53. Ka5 Qd5+ 54. Ka4 Qc6+ $11) 40... Rf8 41. Qxe3 Qd6+ 42. Kg2 Qc6+ 43. Kg1 Qd5 44. Qb3 {[%emt 0:00:09] What a bad dream for Black.  Weighted Error Value: White=0.27 (precise) /Black=0.48} 1-0

[Event "Susha Chess Rapid Women 2022"]
[Site "Shusha"]
[Date "2022.09.23"]
[Round "7.3"]
[White "Dzagnidze, Nana"]
[Black "Fataliyeva, Ulviyya"]
[Result "1-0"]
[ECO "D10"]
[WhiteElo "2526"]
[BlackElo "2408"]
[Annotator "TA"]
[PlyCount "59"]
[EventDate "2022.09.21"]
[EventType "tourn"]
[EventCountry "AZE"]
[SourceTitle "playchess.com"]
[Source "ChessBase"]
[SourceQuality "1"]
[TimeControl "900+10"]

1. c4 c6 2. d4 d5 3. cxd5 Nf6 4. dxc6 Nxc6 5. Nf3 e5 6. Nxe5 {[%emt 0:03:15] D10: Slav Defence: 3 cxd5 (without early Nf3) and 3 Nc3.} (6. dxe5 {feels hotter.} Qxd1+ 7. Kxd1 Ng4 8. Ke1) 6... Nxe5 7. dxe5 Qxd1+ 8. Kxd1 {[%emt 0:00:01] White is better.} Ne4 9. Ke1 Bb4+ 10. Nd2 O-O {[%emt 0:00:22] [#]} 11. f3 $5 $146 {[%emt 0:00:45][%mdl 8] New and interesting.} ({Predecessor:} 11. a3 Bxd2+ 12. Bxd2 Nxd2 13. Kxd2 Rd8+ 14. Ke3 Re8 15. f4 f6 {0-1 (15) Goodis,J (2030)-Zaunercik,I (1783) FICGS email 2020}) 11... Nxd2 12. Bxd2 Bxd2+ 13. Kxd2 Rd8+ 14. Ke3 Be6 15. g3 Rac8 16. Bg2 h6 (16... f6 $16 17. exf6 Re8) 17. Rhc1 $18 Rxc1 18. Rxc1 Bxa2 {[%emt 0:00:01][%mdl 4096] Endgame KRB-KRB} 19. f4 Rd7 $2 {[%emt 0:01:24] [#]} (19... Be6 20. Rc7 Rd7 21. Rxb7 Rxb7 22. Bxb7 Bc4) 20. Ra1 {[%emt 0:00:14] White is clearly winning.} Bc4 21. Rxa7 Ba6 22. Ra8+ Kh7 23. Be4+ g6 24. Bd3 Bxd3 25. exd3 {[%emt 0:00:02][%cal Be2d3,Bd3d4][%mdl 32] KR-KR} Rd5 26. b4 Rb5 27. Ra4 g5 28. Ke4 f6 29. d4 fxe5 30. fxe5 {[%emt 0:00:03] Black got outplayed after the opening.  Weighted Error Value: White=0.01 (flawless) /Black=0.40} 1-0

[Event "Susha Chess Rapid Women 2022"]
[Site "Shusha"]
[Date "2022.09.23"]
[Round "7.4"]
[White "Arabidze, Meri"]
[Black "Balajayeva, Khanim"]
[Result "1/2-1/2"]
[ECO "D26"]
[WhiteElo "2422"]
[BlackElo "2379"]
[Annotator "TA"]
[PlyCount "103"]
[EventDate "2022.09.21"]
[EventType "tourn"]
[EventCountry "AZE"]
[SourceTitle "playchess.com"]
[Source "ChessBase"]
[SourceQuality "1"]
[TimeControl "900+10"]

1. d4 d5 2. c4 dxc4 3. Nf3 Nf6 4. e3 e6 5. Bxc4 a6 6. O-O c5 7. b3 Nbd7 8. Bb2 Be7 9. Nbd2 O-O 10. Rc1 b5 11. Be2 Bb7 12. a4 b4 13. Nc4 Rc8 {[%emt 0:00:05] D27: Queen's Gambit Accepted: Classical main line: 7 e4!? and 7 a4.} 14. Nfe5 cxd4 15. Qxd4 Nc5 16. Qxd8 Rfxd8 17. Na5 Bd5 {[%emt 0:01:03] [#]} 18. f3 $146 {[%emt 0:00:02] Prevents Nfe4.} ({Predecessor:} 18. Nec4 Nfd7 19. Nd2 Bf6 20. Bd4 e5 21. Ba1 e4 22. Bxf6 Nxf6 23. Ndc4 Nd3 24. Rcd1 Bxc4 25. Nxc4 {½-½ (32) Rodshtein,M (2678)-Adhiban,B (2671) Linares 2018}) 18... Nxb3 (18... Re8 $11 {keeps the balance.}) 19. Nxb3 $16 Bxb3 20. Nc6 Rxc6 21. Rxc6 Rd2 22. Rc8+ Bf8 23. Bxf6 gxf6 24. Bxa6 Bxa4 25. Ra1 Bc2 26. Bc4 Kg7 {[%emt 0:00:33] [#]} 27. Ra7 $1 {[%emt 0:01:08] Bxe6 is the strong threat.} b3 {[%emt 0:00:45] White must now prevent ...b2.} 28. Rb7 Rd1+ 29. Kf2 Rd2+ 30. Ke1 {[%emt 0:03:25] White is more active.} Rxg2 31. Bxe6 $1 ({Don't take} 31. Bxb3 Bxb3 32. Rxb3 Bd6 $16) 31... Bg6 (31... Bb4+ $16 32. Kf1 (32. Rxb4 fxe6 33. Rb7+ Kh6 $18) 32... b2 33. Rxb4 Rxh2) 32. Bxb3 $18 Bd6 (32... Rb2 $142 33. h4 Rb1+ 34. Kf2 Rb2+ 35. Kg3 Re2) 33. f4 {[%emt 0:01:03] Hoping for Rc6.} Rxh2 34. Rc6 Ba3 {[%emt 0:00:20] [#]} (34... Rh1+ {was necessary.} 35. Kf2 Rh2+ 36. Kf3 Rd2) 35. Bxf7 $1 Bxf7 36. Rcc7 Kg6 {[%emt 0:00:02] And now ...Bd5 would win.} (36... Rh1+ $2 37. Kf2) 37. Rxf7 {[%emt 0:00:03][%mdl 4096] Endgame KRR-KRB} Kf5 $2 (37... Bc1 {was called for.} 38. e4 Bxf4 39. Rg7+ Kh5 40. Rxh7+ Bh6) 38. Rxh7 Ra2 39. Kd1 Ke4 40. Rb3 {[%emt 0:00:42] Strongly threatening Ra7.} Bc5 {[%emt 0:00:19] Against Ra7} 41. Rc7 Ba7 42. Rc4+ $2 (42. Re7+ $18 Kf3 43. Re6) 42... Kf3 $14 43. Rcc3 f5 44. Rb5 Bxe3 {[%emt 0:00:09] The position is equal.} 45. Re5 Rd2+ 46. Ke1 Re2+ 47. Kd1 $1 Rd2+ $1 48. Ke1 Re2+ 49. Kf1 Rf2+ $1 50. Kg1 Re2+ 51. Kf1 Rf2+ $1 52. Ke1 {Blacks defense is rewarded with a draw.  Weighted Error Value: White=0.20 (precise) /Black=0.29 (precise)} 1/2-1/2

[Event "Susha Chess Rapid Women 2022"]
[Site "Shusha"]
[Date "2022.09.23"]
[Round "7.5"]
[White "Mammadova, Gulnar"]
[Black "Zawadzka, Jolanta"]
[Result "1-0"]
[ECO "B46"]
[WhiteElo "2382"]
[BlackElo "2401"]
[Annotator "TA"]
[PlyCount "53"]
[EventDate "2022.09.21"]
[EventType "tourn"]
[EventCountry "AZE"]
[SourceTitle "playchess.com"]
[Source "ChessBase"]
[SourceQuality "1"]
[TimeControl "900+10"]

1. e4 c5 2. Nf3 e6 3. d4 cxd4 4. Nxd4 Nc6 5. Nc3 a6 6. Nxc6 bxc6 7. Bd3 d5 8. Qe2 {[%emt 0:00:21] B46: Sicilian: Taimanov: 5 Nc3 a6.} d4 (8... Bb7 $11) 9. Nb1 $14 e5 10. O-O {[%emt 0:00:05] [#] White is slightly better.} Bd6 $146 ({Predecessor:} 10... Ne7 11. f4 exf4 12. Bxf4 Ng6 13. Bg3 Bc5 14. Nd2 O-O 15. Nc4 Be6 16. Kh1 Ra7 {0-1 (33) Fernandez Aransay,F (1826)-Chilton,J (1742) London 2015}) 11. f4 Qc7 (11... Bc7 $14 {should be considered.}) 12. Nd2 $16 Ne7 13. Nc4 {[%emt 0:00:35] Black must now prevent Qh5.} a5 (13... Be6 $16 14. Qh5 (14. Nxe5 Bxe5 15. fxe5 O-O $16) (14. fxe5 Bxe5 15. Nxe5 Qxe5 $16) 14... h6 15. fxe5 Bc5 16. Nd6+ Bxd6 17. exd6 Qxd6) 14. a4 (14. Nxe5 $6 Bxe5 15. fxe5 O-O $14) 14... Bd7 {[%emt 0:01:44] [#]} (14... Be6 $16) 15. Qh5 $1 $18 ({But not} 15. Nxe5 $6 Bxe5 16. fxe5 O-O $14) 15... g6 (15... O-O {was worth a try.} 16. f5 (16. Nxe5 Bxe5 17. fxe5 Ng6 $14) (16. fxe5 Bb4 $16) 16... f6 17. Nxd6 Qxd6 18. Bc4+ Kh8) 16. Qg5 Be6 17. Nxd6+ ({Less strong is} 17. Nxe5 O-O $16) 17... Qxd6 18. fxe5 Qc5 (18... Qc7 $142 19. Rb1 h6) 19. b3 Ng8 20. Ba3 Qb6 21. Bc4 Bxc4 22. bxc4 {[%emt 0:00:01][%cal Of1f7] [#] aiming for Rxf7!} d3+ 23. c5 Qd8 24. Qf4 Ra7 25. cxd3 Qxd3 26. e6 Kf8 27. Qb8+ {[%emt 0:00:23] White took control after the opening.  Weighted Error Value: White=0.26 (precise) /Black=1.09} (27. Bb2 $142 Qd8 28. exf7 Nf6 29. Rad1 Rd7 30. Bxf6 Rxd1 31. Bxd8 Rxd8 32. Qf6) 1-0

[Event "Susha Chess Rapid Women 2022"]
[Site "Shusha"]
[Date "2022.09.23"]
[Round "8.1"]
[White "Balajayeva, Khanim"]
[Black "Zawadzka, Jolanta"]
[Result "1/2-1/2"]
[ECO "B22"]
[WhiteElo "2379"]
[BlackElo "2401"]
[Annotator "TA"]
[PlyCount "85"]
[EventDate "2022.09.21"]
[EventType "tourn"]
[EventCountry "AZE"]
[SourceTitle "playchess.com"]
[Source "ChessBase"]
[SourceQuality "1"]
[TimeControl "900+10"]

1. e4 c5 2. c3 Nf6 3. e5 Nd5 4. Nf3 e6 5. d4 cxd4 6. cxd4 d6 7. Bc4 Be7 8. O-O {[%emt 0:00:15] B22: Sicilian: 2 c3.} O-O 9. Qe2 b6 10. Bd2 Bb7 11. Nc3 Nxc3 12. Bxc3 Nd7 13. Rad1 {[%emt 0:01:00] d5 is the strong threat.} dxe5 14. Nxe5 {[%emt 0:01:41] [#]} Nxe5 $146 ({Predecessor:} 14... Nf6 15. Nxf7 Rxf7 16. Bxe6 Bd5 17. Bxf7+ Kxf7 18. Rfe1 Bd6 19. a3 Qc7 20. h3 Qb7 {½-½ (60) Budzyn,M (2139)-Peist,J (2346) Reinstorf 2022}) 15. dxe5 Qc7 16. f4 Rad8 17. f5 exf5 18. Rxd8 (18. e6 $1 $11 fxe6 19. Rxd8 Qxd8 20. Bxe6+ Kh8 21. Rxf5) 18... Rxd8 $15 19. Rxf5 Qc5+ 20. Kh1 {[%emt 0:00:47] [#]} (20. Kf1 $1 $15) 20... Bd5 $1 $17 21. Bxd5 Qxd5 22. a3 (22. Rf3 $17) 22... Qd3 (22... Qd1+ $19 {has better winning chances.} 23. Qf1 Qc2) 23. Qxd3 Rxd3 {[%emt 0:00:01][%mdl 4096] Endgame KRB-KRB} 24. Kg1 {[%emt 0:00:13] [#]} Bxa3 $1 25. Kf1 (25. Rf4 Bc5+) 25... Bc5 26. Ke2 Rd5 27. Rf4 {[%emt 0:00:29] Prevents Bd4.} b5 28. Kf3 h6 (28... Rd1 $142 29. Ke2 Rg1) 29. h4 (29. Ke4 $142 Rd1 30. b4) 29... Bb6 30. Rg4 (30. Ke4 $17 Rc5 31. g3) 30... h5 $19 31. Rg5 {[%emt 0:00:13] [#]} a5 (31... Bd8 $142 $1 32. Rf5 (32. Rxh5 $2 g6 $19) 32... g6) 32. e6 $17 fxe6 33. Rxg7+ Kf8 {[%emt 0:00:01] Threatens to win with ...Rd3+.} 34. Rb7 Bd8 35. g3 b4 36. Bg7+ Kg8 (36... Ke8 $5 37. Bh8 Be7 38. Rb8+ Kf7 $17) 37. Ke4 Rd2 (37... a4 $15 {is more appropriate.} 38. Be5 a3 39. bxa3 bxa3 40. Rg7+ Kf8) 38. Bd4 $11 {[%emt 0:00:12] Black must now prevent Rb8. The position is equal.} Kf8 39. Rb5 Rg2 40. Kf3 Rd2 41. Ke3 Rg2 42. Kf3 Rd2 43. Ke3 {[%emt 0:00:11] Whites escaped into a draw.  Weighted Error Value: White=0.14 (very precise) /Black=0.13 (very precise)} 1/2-1/2

[Event "Susha Chess Rapid Women 2022"]
[Site "Shusha"]
[Date "2022.09.23"]
[Round "8.2"]
[White "Efroimski, Marsel"]
[Black "Ozturk Orenli, Kubra"]
[Result "1/2-1/2"]
[ECO "C48"]
[WhiteElo "2462"]
[BlackElo "2319"]
[Annotator "TA"]
[PlyCount "130"]
[EventDate "2022.09.21"]
[EventType "tourn"]
[EventCountry "AZE"]
[SourceTitle "playchess.com"]
[Source "ChessBase"]
[SourceQuality "1"]
[TimeControl "900+10"]

1. e4 e5 2. Nf3 Nc6 3. Nc3 Nf6 4. Bb5 Nd4 5. Bc4 d6 6. Ng5 {[%emt 0:00:05] C48: Four Knights: 4 Bb5, replies other than 4...Bb4.} Ne6 7. Nxe6 Bxe6 8. Bxe6 {[%emt 0:00:02] White has an edge.} fxe6 9. d4 exd4 10. Qxd4 e5 11. Qc4 Qd7 12. Bg5 {[%emt 0:00:21] [#]} Be7 $146 (12... Qf7 $5 13. Qa4+ Qd7 $14) ({Predecessor:} 12... Qf7 13. Qa4+ c6 14. O-O Be7 15. Bxf6 Bxf6 16. Rad1 Be7 17. Nd5 O-O 18. Nxe7+ Qxe7 {1-0 (34) Carruez Berges,F (2205)-Juberias,S (2131) Aragon 2005}) 13. O-O-O O-O-O 14. Be3 a6 15. f3 Kb8 16. Rd3 Qc6 17. Qb3 h5 18. a4 h4 19. Rhd1 Rc8 20. Na2 Ka8 21. Nb4 Qd7 22. Rc3 Rb8 ({Black should try} 22... h3 $14) 23. Qc4 $1 $16 {[%emt 0:00:55] White is more active.} c6 $2 {[%emt 0:01:19][%mdl 8192] [#]} (23... Rbc8 $16) 24. Nxa6 $1 $18 Rbc8 25. Nc5 Qe8 26. Ne6 d5 27. exd5 Nxd5 28. Rxd5 $2 ({Weaker is} 28. Nxg7 Qf7 29. Rxd5 Qxd5 $14) (28. Rb3 $18) 28... cxd5 $11 29. Qxd5 Qxa4 {[%emt 0:00:37] White must now prevent ...Qa1+.} 30. Qxe5 (30. Rb3 $11 Qa6 31. Kb1 Qf1+ 32. Bc1) 30... Rxc3 (30... Qa1+ $15 31. Kd2 Bb4 32. Nc7+ Rxc7 $1 33. Qxc7 Qxb2) 31. bxc3 {[%emt 0:00:50] White wants to mate with Nc7+. Chess con chili.} ({Much worse is} 31. Qxc3 Bb4 32. b3 (32. Nc7+ $2 Kb8 $19) 32... Bxc3 $15) 31... Qa3+ $1 32. Kb1 {[%emt 0:00:44] Nc7+ would kill now.} Bd6 33. Qb5 {[%emt 0:00:57] [#]} (33. Qxg7 $11 {keeps the balance.} Rc8 34. Qd7 Rxc3 35. Qd8+ Bb8 36. Bf4 Qb4+ 37. Kc1) 33... Qa6 $1 $17 34. Qxa6+ bxa6 35. Nxg7 Bxh2 $15 {[%emt 0:00:09][%mdl 4096] Endgame KRB-KBN} 36. Bd4 {[%emt 0:00:10] Against Be5} Rg8 37. Nf5 Bg3 38. Bf6 Rf8 (38... h3 $17 {Hoping for ...h2.} 39. gxh3 Rf8 40. Nxg3 Rxf6) 39. Bxh4 $11 {[%emt 0:00:04] The position is equal.} Rxf5 40. Bxg3 {[%emt 0:00:01] KR-KB} Rg5 41. Bd6 Rxg2 42. f4 Kb7 43. Kb2 Kc6 44. Be5 Rf2 45. Kb3 Kb5 46. c4+ Kc5 47. c3 {[%emt 0:00:03] aiming for Bd4+.} Rf1 48. Bd4+ Kc6 49. Be5 Rf2 50. Ka3 $1 Rf1 51. Kb3 Rg1 52. Ka3 Rd1 53. Kb3 Rd7 54. f5 Rb7+ 55. Ka4 Kc5 56. Ka5 Kxc4 {[%emt 0:00:08] And now ...Rb5+ would win.} 57. Bd4 Rb5+ 58. Kxa6 Rxf5 59. Kb6 Rg5 60. Ka6 Rg6+ 61. Ka5 Rc6 62. Bg7 Rc7 63. Bd4 Rd7 64. Ka6 Rxd4 65. cxd4 Kxd4 {[%emt 0:00:00] Black escapes into a draw.  Weighted Error Value: White=0.21 (precise) /Black=0.16 (very precise)} 1/2-1/2